Workbook
Name Auxiliar: #REF!
Name Auxiliar: #REF!
Name Auxiliar: #REF!
Name Auxiliar: #REF!
Name Auxiliar: #REF!
Name Auxiliar: #REF!
Name CUSTO_VALE_TRANSPORTE: #REF!
Name CUSTO_VALE_TRANSPORTE: #REF!
Name CUSTO_VALE_TRANSPORTE: #REF!
Name CUSTO_VALE_TRANSPORTE: #REF!
Name CUSTO_VALE_TRANSPORTE: #REF!
Name CUSTO_VALE_TRANSPORTE: #REF!
Name ecwece4c: #REF!
Name ecwece4c: #REF!
Name ecwece4c: #REF!
Name ecwece4c: #REF!
Name ecwece4c: #REF!
Name ecwece4c: #REF!
Name MOMB4: '[1]SERVENTE MANUTENCAO'!$I$144
Name MONA1: #REF!
Name MONA1: #REF!
Name MONA1: #REF!
Name MONA1: #REF!
Name MONA1: #REF!
Name MONA1: #REF!
Name MONA2: #REF!
Name MONA2: #REF!
Name MONA2: #REF!
Name MONA2: #REF!
Name MONA2: #REF!
Name MONA2: #REF!
Name MONA3: [2]HIDRAULICO!$I$138
Name MONA4: '[2]SERVENTE (AUX PRODUCAO)'!$I$138
Name MONA5: #REF!
Name MONA5: #REF!
Name MONA5: #REF!
Name MONA5: #REF!
Name MONA5: #REF!
Name MONA5: #REF!
Name MONA6: #REF!
Name MONA6: #REF!
Name MONA6: #REF!
Name MONA6: #REF!
Name MONA6: #REF!
Name MONA6: #REF!
Name MONA7: #REF!
Name MONA7: #REF!
Name MONA7: #REF!
Name MONA7: #REF!
Name MONA7: #REF!
Name MONA7: #REF!
Name MONA8: [2]MECANICO_REFRIGERACAO!$I$138
Name MONB1: #REF!
Name MONB1: #REF!
Name MONB1: #REF!
Name MONB1: #REF!
Name MONB1: #REF!
Name MONB1: #REF!
Name MONB2: #REF!
Name MONB2: #REF!

Sheet Auxiliar Adm (Bento)
A1: PLANILHA DE CUSTOS E FORMAÇÃO DE PREÇOS DE SERVIÇOS CONTINUADOS COM DEDICAÇÃO EXCLUSIVA DE MÃO DE OBRA (ANEXO III - DECRETO 52.768 de 15.12.2015)
A2: PROCESSO: | C2: 24/1300-0001021-8 | E2: REGIME DE TRIBUTAÇÃO: LUCRO REAL
A3: LICITAÇÃO/EDITAL | E3: ABERTURA:
A5: Cargo/Função: | D5: Auxiliar Administrativo | G5: =IF(D6="12x36","Regime de trabalho:","Quantidade de HORAS/MÊS") -> Quantidade de HORAS/MÊS | I5: =IF(D6="12x36",D6,5*D6) -> 220
A6: =IF(D6="12x36","Regime de trabalho:","Regime de trabalho (horas semanais):") -> Regime de trabalho (horas semanais): | D6: 44
A7: Convenção Coletiva de Trabalho: | D7: RS004922/2023 | G7: INSALUBRIDADE (10%, 20%, 40%) | I7: Não aplicável
A8: Origem do salário: | D8: CCT
A9: Cidade: | D9: Bento Gonçalves | G9: PERICULOSIDADE (30%) | I9: Não aplicável
A10: Salário Normativo | G10: Vlr. do salário e nº de horas correspondentes | H10: 220 | I10: 2013.31
A11: ISS | G11: =D9 -> Bento Gonçalves | H11: Alíquota | I11: 0.03
A12: Tarifa Transporte | G12: CCT | H12: Vr. Unitário | I12: 6
H13: Dias | I13: 26
H14: Desconto | I14: 0.06
A15: Auxílio Alimentação | G15: CCT | H15: Vr. Unitário | I15: 23.68
H16: Dias | I16: 22
H17: Desconto | I17: 0.19
A18: Auxílio Lanche | G18: CCT | H18: Vr. Unitário | I18: 11.84
H19: Dias | I19: 4
H20: Desconto | I20: 0.19
A21: Plano de Benefício Familiar (cláusula vigésima nona, parágrafo segundo) | G21: CCT | H21: Valor mensal | I21: 19.42
A22: Adicional de Supervisor (37%) | H22: Porcentagem | I22: Não aplicável
A23: Base de cálculo da insalubridade | H23: Valor | I23: Não aplicável
A24: Quantitativo de horas trabalhadas em feriados no mês (estimado) - Não aplicável para postos 12x36 | H24: Horas por mês | I24: Não aplicável
H25: Acréscimo da hora extra | I25: Não aplicável
A26: Hora Intervalar (somente para postos 12x36, quando for o caso) | H26: Horas por mês | I26: Não aplicável
A27: Sem fornecimento de materiais ou apenas fornecimento de EPIs ou uniformes, utilizar 10%. Com fornecimento de materiais ou equipamentos, utilizar 20%. (Decreto 52.768/2015, alterado pelo Decreto 53.424/2017) | H27: Porcentagem | I27: 0.1
A29: MONTANTE A
A30: I | B30: Remuneração - Grupo I | H30: % | I30: Valor Mensal/unidade de serviço (R$)
A31: 1 | B31: Salário | H31: =I31/$I$40 -> 1 | I31: =IF(D6="12x36",I10,I10/H10*I5) -> 2013.31
A32: =A31+1 -> 2 | B32: Adicional Periculosidade 30% (Ver súmulas 364, 132 e 191 do TST) | H32: =I32/$I$40 -> 0 | I32: =IF(I9=30%,I31*I9,0) -> 0
A33: =A32+1 -> 3 | B33: Adicional Insalubridade 10% (Ver súmula 228 e 139 TST) | H33: =I33/$I$40 -> 0 | I33: =IF(I7=10%,I23*I7,0) -> 0
A34: =A33+1 -> 4 | B34: Adicional Insalubridade 20% (Ver súmula 228 e 139 TST) | H34: =I34/$I$40 -> 0 | I34: =IF(I7=20%,I23*I7,0) -> 0
A35: =A34+1 -> 5 | B35: Adicional Insalubridade 40% (Ver súmula 228 e 139 TST) | H35: =I35/$I$40 -> 0 | I35: =IF(I7=40%,I23*I7,0) -> 0
A36: =A35+1 -> 6 | B36: Adicional de Supervisor (IN 05/2017 MPOG SLTI) | H36: =I36/$I$40 -> 0 | I36: =IF(I22="Não aplicável",0,I31*I22) -> 0
A37: =A36+1 -> 7 | B37: Feriados | H37: =I37/$I$40 -> 0 | I37: =IF(I24="Não aplicável",0,(I31+I32+I33+I34+I35+I36+I39)/I5*I24*(1+I25)) -> 0
A38: =A37+1 -> 8 | B38: DSR = número total das horas extras do mês / número de dias úteis X domingos e feriados do mês X valor da hora extra com acréscimo | H38: =I38/$I$40 -> 0 | I38: =IF(I24="Não aplicável",0,I24/I13*5*(I10/H10*(1+I25))) -> 0
A39: =A38+1 -> 9 | B39: =IF(D6="12x36","Para postos 12x36 os feriados são considerados compensados, conforme parágrafo único, Art. 59-A da CLT","Outros") -> Outros | H39: =I39/$I$40 -> 0 | I39: 0
A40: Total de Remuneração | H40: =SUM(H31:H39) -> 1 | I40: =SUM(I31:I39) -> 2013.31
A42: II | B42: Encargos Sociais - Grupo II: Obrigações Sociais | H42: % | I42: Valor Mensal/unidade de serviço (R$)
A43: 1 | B43: INSS (art. 22, inc. I, Lei nº 8.212/91) | H43: 0.2 | I43: =$I$40*H43 -> 402.662
A44: 2 | B44: SESI ou SESC (art. 30, Lei nº 8.036/90) | H44: 0.015 | I44: =$I$40*H44 -> 30.19965
A45: 3 | B45: SENAI ou SENAC (Decreto-Lei nº 2.318/86) | H45: 0.01 | I45: =$I$40*H45 -> 20.1331
A46: 4 | B46: INCRA (art. 15I, Lei Complementar nº 011/71) | H46: 0.002 | I46: =$I$40*H46 -> 4.02662
A47: 5 | B47: SALÁRIO EDUCAÇÃO (art. , inc. I, Decreto nº 87.043/82) | H47: 0.025 | I47: =$I$40*H47 -> 50.33275
A48: 6 | B48: FGTS (art. 15, Lei nº 8.036/90) | H48: 0.08 | I48: =$I$40*H48 -> 161.0648
A49: 7 | B49: SEG. ACIDENTE DO TRABALHO 1%, 2% e 3% (art. 22, inc. II, alíneas "b" e "c", da Lei nº 8.212/91) | H49: 0.03 | I49: =$I$40*H49 -> 60.3993
A50: 8 | B50: SEBRAE (§ 3º, art. 8º, Lei nº 8.029/90) | H50: 0.006 | I50: =$I$40*H50 -> 12.07986
A51: Total do Grupo II | H51: =SUM(H43:H50) -> 0.368 | I51: =SUM(I43:I50) -> 740.89808
A52: Os percentuais para o SAT podem variar de 0,50% a 6,00% em função do Fator de Acidente Previdenciário (FAP), Decreto nº 6.957/2009
A53: Deverá obrigatoriamente acompanhar a proposta de preços e a planilha de custos e formação de preços a prova do Fator Acidentário de Prevenção – FAP por meio de impressão de consulta ao site do Ministério da Previdência Social (que pode ser obtido no endereço eletrônico http://www2.dataprev.gov.br/fap/fap.htm), independentemente de alteração da alíquota da parcela do Seguro Acidente de Trabalho disposta no Quadro II da referida planilha.
A54: III | B54: Encargos Sociais - Grupo III: Tempo Não Trabalhado | H54: % | I54: Valor Mensal/unidade de serviço (R$)
A55: 1 | B55: FÉRIAS GOZADAS + ADICIONAL DE FÉRIAS | H55: 0.119314 | I55: =$I$40*H55 -> 240.21607
A56: 2 | B56: FALTAS ABONADAS (3) | H56: 0.020479 | I56: =$I$40*H56 -> 41.230575
A57: 3 | B57: FALTAS LEGAIS (4) | H57: 0.012123 | I57: =$I$40*H57 -> 24.407357
A58: 4 | B58: LICENÇA MATERNIDADE | H58: 0.011436 | I58: =$I$40*H58 -> 23.024213
A59: 5 | B59: LICENÇA PATERNIDADE | H59: 0.000174 | I59: =$I$40*H59 -> 0.35031594
A60: 6 | B60: ACIDENTE DE TRABALHO | H60: 0.000442 | I60: =$I$40*H60 -> 0.88988302
A61: 7 | B61: AVISO PRÉVIO TRABALHADO | H61: 0.000185 | I61: =$I$40*H61 -> 0.37246235
A62: 8 | B62: 13º SALÁRIO | H62: 0.09079 | I62: =$I$40*H62 -> 182.78841
A63: Total do Grupo III | H63: =SUM(H55:H62) -> 0.254943 | I63: =SUM(I55:I62) -> 513.27929
A64: (3) | B64: Faltas Justificadas por Auxílio Doença
A65: (4) | B65: Faltas Legais - Art. 473 CLT
A66: IV | B66: Encargos Sociais - Grupo IV: Indenizações | H66: % | I66: Valor Mensal/unidade de serviço (R$)
A67: 1 | B67: INDENIZAÇÕES | H67: 0.023627 | I67: =$I$40*H67 -> 47.568475
A68: 2 | B68: FGTS SOBRE INDENIZAÇÕES | H68: 0.001717 | I68: =$I$40*H68 -> 3.4568533
A69: 3 | B69: INDENIZAÇÃO COMPENSATÓRIA POR DEMISSÃO SEM JUSTA CAUSA | H69: 0.009451 | I69: =$I$40*H69 -> 19.027793
A70: Total do Grupo IV | H70: =SUM(H67:H69) -> 0.034795 | I70: =SUM(I67:I69) -> 70.053121
A72: V | B72: Encargos Sociais - Grupo V: Incidências | H72: % | I72: Valor Mensal/unidade de serviço (R$)
A73: 1 | B73: INCIDÊNCIA GRUPO II (Obrigações Sociais) X GRUPO III (Tempo Não Trabalhado) | H73: =(H51*H63) -> 0.093819024 | I73: =$I$40*H73 -> 188.88678
A74: Total do Grupo V | H74: =SUM(H73:H73) -> 0.093819024 | I74: =I73 -> 188.88678
A76: TOTAL DOS ENCAGOS SOCIAIS (II + III + IV + V) | H76: =H51+H63+H70+H74 -> 0.75155702 | I76: =I51+I63+I70+I74 -> 1513.1173
A78: VI | B78: Demais custos relativos à Norma Coletiva ou Disposições Legais - Grupo VI | H78: % | I78: Valor Mensal/unidade de serviço (R$)
A79: 1 | B79: Auxílio Alimentação | H79: =I79/$I$40 -> 0.20959395 | I79: =I96 -> 421.9776
A80: 2 | B80: Auxílio Lanche | H80: =I80/$I$40 -> 0.019053996 | I80: =I92 -> 38.3616
A81: 3 | B81: Vale-Transporte⁽⁵⁾ | H81: =I81/$I$40 -> 0.094968683 | I81: =I88 -> 191.2014
A82: 4 | B82: Adicional Intervalar | H82: =I82/$I$40 -> 0 | I82: =IF(I26="Não aplicável",0,((I10/H10)*1.5*I26)) -> 0
A83: 5 | B83: Outros | H83: =I83/$I$40 -> 0.0096458072 | I83: =IF(I21="Não aplicável",0,I21) -> 19.42
A84: Total do Grupo VI | H84: =SUM(H79:H83) -> 0.33326244 | I84: =SUM(I79:I83) -> 670.9606
A85: (5) | B85: O valor do vale-transporte pode variar de acordo com o modal fornecido pelo empregador.
A86: MEMÓRIA DE CÁLCULO DO VALE TRANSPORTE
A87: Valor Unitário | C87: Dias de Trabalho | D87: Vale p/dia | E87: Custo total | F87: Base de cálculo | G87: Percentual de desconto | H87: Valor desconto | I87: Custo efetivo
A88: =I12 -> 6 | C88: =I13 -> 26 | D88: 2 | E88: =A88*C88*D88 -> 312 | F88: =I31 -> 2013.31 | G88: =I14 -> 0.06 | H88: =F88*G88 -> 120.7986 | I88: =IF((E88-H88)>0,E88-H88,0) -> 191.2014
A90: MEMÓRIA DE CÁLCULO DO VALE LANCHE
A91: Valor Unitário | C91: Dias por mês | D91: Vale p/dia | E91: Custo total | F91: Base de cálculo | G91: Percentual de desconto | H91: Valor desconto | I91: Custo efetivo
A92: =I18 -> 11.84 | C92: =I19 -> 4 | D92: 1 | E92: =A92*C92*D92 -> 47.36 | F92: =E92 -> 47.36 | G92: =I20 -> 0.19 | H92: =F92*G92 -> 8.9984 | I92: =E92-H92 -> 38.3616
A94: MEMÓRIA DE CÁLCULO DO | F94: =A15 -> Auxílio Alimentação
A95: Valor Unitário | C95: Dias por mês | D95: Vale p/dia | E95: Custo total | F95: Base de cálculo | G95: Percentual de desconto | H95: =H87 -> Valor desconto | I95: Custo efetivo
A96: =I15 -> 23.68 | C96: =I16 -> 22 | D96: 1 | E96: =A96*C96*D96 -> 520.96 | F96: =E96 -> 520.96 | G96: =I17 -> 0.19 | H96: =F96*G96 -> 98.9824 | I96: =E96-H96 -> 421.9776
A98: TOTAL DO MONTANTE A (I + II + III+ IV + V +VI) | H98: =H40+H76+H84 -> 2.0848195 | I98: =I40+I76+I84 -> 4197.3879
A100: MONTANTE B
A101: I | B101: Despesas Diretas | H101: % | I101: Valor Mensal/unidade de serviço (R$)
A102: 1 | B102: Transporte (6) | H102: =I102/$I$113 -> 0 | I102: 0
A103: 2 | B103: Uniformes/EPI (6a) | H103: =I103/$I$113 -> 0 | I103: 0
A104: 3 | B104: Seguro de vida | H104: =I104/$I$113 -> 0 | I104: 0
A105: 4 | B105: Materiais/Equipamentos | H105: =I105/$I$113 -> 0 | I105: =IF(F111=20%,G111,0) -> 0
A106: 5 | B106: Mobilização (7) | H106: =I106/$I$113 -> 0 | I106: 0
A107: 6 | B107: Outros (especificar) | H107: =I107/$I$113 -> 0 | I107: 0
A108: Total de Despesas Diretas | H108: =H102+H103+H104+H105+H106+H107 -> 0 | I108: =SUM(I102:I107) -> 0
B109: (6) Somente será preenchido quando o licitante fornecer transporte próprio (6a) EPI - Equipamento de Proteção Individual (7) Tais custos de mobilização não são renováveis, devendo ser eliminados após o primeiro ano de contrato caso haja prorrogação
A111: LIMITE QUADRO I (Despesas Diretas) sobre Montante A (exceto Vale-transporte), conforme alíneas "b.2" e "b.3", Inc. II, art. 7º, do Decreto 52.768/2015, alterado pelo Decreto 53.424/2017: 10% SEM MATERIAIS/EQUIPAMENTOS; 20% COM MATERIAIS/EQUIPAMENTOS | F111: =I27 -> 0.1 | G111: =I113*F111 -> 400.61865 | H111: Dedução Vale Transporte | I111: =I81 -> 191.2014
...

Sheet Auxiliar Adm. Supervisor(Bento)
A1: PLANILHA DE CUSTOS E FORMAÇÃO DE PREÇOS DE SERVIÇOS CONTINUADOS COM DEDICAÇÃO EXCLUSIVA DE MÃO DE OBRA (ANEXO III - DECRETO 52.768 de 15.12.2015)
A2: PROCESSO: | C2: 24/1300-0001021-8 | E2: REGIME DE TRIBUTAÇÃO: LUCRO REAL
A3: LICITAÇÃO/EDITAL | E3: ABERTURA:
A5: Cargo/Função: | D5: Auxiliar Administrativo Supervisor | G5: =IF(D6="12x36","Regime de trabalho:","Quantidade de HORAS/MÊS") -> Quantidade de HORAS/MÊS | I5: =IF(D6="12x36",D6,5*D6) -> 220
A6: =IF(D6="12x36","Regime de trabalho:","Regime de trabalho (horas semanais):") -> Regime de trabalho (horas semanais): | D6: 44
A7: Convenção Coletiva de Trabalho: | D7: RS004922/2023 | G7: INSALUBRIDADE (10%, 20%, 40%) | I7: Não aplicável
A8: Origem do salário: | D8: CCT
A9: Cidade: | D9: Bento Gonçalves | G9: PERICULOSIDADE (30%) | I9: Não aplicável
A10: Salário Normativo | G10: Vlr. do salário e nº de horas correspondentes | H10: 220 | I10: 2013.31
A11: ISS | G11: =D9 -> Bento Gonçalves | H11: Alíquota | I11: 0.03
A12: Tarifa Transporte | G12: CCT | H12: Vr. Unitário | I12: 6
H13: Dias | I13: 26
H14: Desconto | I14: 0.06
A15: Auxílio Alimentação | G15: CCT | H15: Vr. Unitário | I15: 23.68
H16: Dias | I16: 22
H17: Desconto | I17: 0.19
A18: Auxílio Lanche | G18: CCT | H18: Vr. Unitário | I18: 11.84
H19: Dias | I19: 4
H20: Desconto | I20: 0.19
A21: Plano de Benefício Familiar (cláusula vigésima nona, parágrafo segundo) | G21: CCT | H21: Valor mensal | I21: 19.42
A22: Adicional de Supervisor (37%) | H22: Porcentagem | I22: 0.37
A23: Base de cálculo da insalubridade | H23: Valor | I23: Não aplicável
A24: Quantitativo de horas trabalhadas em feriados no mês (estimado) - Não aplicável para postos 12x36 | H24: Horas por mês | I24: Não aplicável
H25: Acréscimo da hora extra | I25: Não aplicável
A26: Hora Intervalar (somente para postos 12x36, quando for o caso) | H26: Horas por mês | I26: Não aplicável
A27: Sem fornecimento de materiais ou apenas fornecimento de EPIs ou uniformes, utilizar 10%. Com fornecimento de materiais ou equipamentos, utilizar 20%. (Decreto 52.768/2015, alterado pelo Decreto 53.424/2017) | H27: Porcentagem | I27: 0.1
A29: MONTANTE A
A30: I | B30: Remuneração - Grupo I | H30: % | I30: Valor Mensal/unidade de serviço (R$)
A31: 1 | B31: Salário | H31: =I31/$I$40 -> 0.72992701 | I31: =IF(D6="12x36",I10,I10/H10*I5) -> 2013.31
A32: =A31+1 -> 2 | B32: Adicional Periculosidade 30% (Ver súmulas 364, 132 e 191 do TST) | H32: =I32/$I$40 -> 0 | I32: =IF(I9=30%,I31*I9,0) -> 0
A33: =A32+1 -> 3 | B33: Adicional Insalubridade 10% (Ver súmula 228 e 139 TST) | H33: =I33/$I$40 -> 0 | I33: =IF(I7=10%,I23*I7,0) -> 0
A34: =A33+1 -> 4 | B34: Adicional Insalubridade 20% (Ver súmula 228 e 139 TST) | H34: =I34/$I$40 -> 0 | I34: =IF(I7=20%,I23*I7,0) -> 0
A35: =A34+1 -> 5 | B35: Adicional Insalubridade 40% (Ver súmula 228 e 139 TST) | H35: =I35/$I$40 -> 0 | I35: =IF(I7=40%,I23*I7,0) -> 0
A36: =A35+1 -> 6 | B36: Adicional de Supervisor (IN 05/2017 MPOG SLTI) | H36: =I36/$I$40 -> 0.27007299 | I36: =IF(I22="Não aplicável",0,I31*I22) -> 744.9247
A37: =A36+1 -> 7 | B37: Feriados | H37: =I37/$I$40 -> 0 | I37: =IF(I24="Não aplicável",0,(I31+I32+I33+I34+I35+I36+I39)/I5*I24*(1+I25)) -> 0
A38: =A37+1 -> 8 | B38: DSR = número total das horas extras do mês / número de dias úteis X domingos e feriados do mês X valor da hora extra com acréscimo | H38: =I38/$I$40 -> 0 | I38: =IF(I24="Não aplicável",0,I24/I13*5*(I10/H10*(1+I25))) -> 0
A39: =A38+1 -> 9 | B39: =IF(D6="12x36","Para postos 12x36 os feriados são considerados compensados, conforme parágrafo único, Art. 59-A da CLT","Outros") -> Outros | H39: =I39/$I$40 -> 0 | I39: 0
A40: Total de Remuneração | H40: =SUM(H31:H39) -> 1 | I40: =SUM(I31:I39) -> 2758.2347
A42: II | B42: Encargos Sociais - Grupo II: Obrigações Sociais | H42: % | I42: Valor Mensal/unidade de serviço (R$)
A43: 1 | B43: INSS (art. 22, inc. I, Lei nº 8.212/91) | H43: 0.2 | I43: =$I$40*H43 -> 551.64694
A44: 2 | B44: SESI ou SESC (art. 30, Lei nº 8.036/90) | H44: 0.015 | I44: =$I$40*H44 -> 41.37352
A45: 3 | B45: SENAI ou SENAC (Decreto-Lei nº 2.318/86) | H45: 0.01 | I45: =$I$40*H45 -> 27.582347
A46: 4 | B46: INCRA (art. 15I, Lei Complementar nº 011/71) | H46: 0.002 | I46: =$I$40*H46 -> 5.5164694
A47: 5 | B47: SALÁRIO EDUCAÇÃO (art. , inc. I, Decreto nº 87.043/82) | H47: 0.025 | I47: =$I$40*H47 -> 68.955867
A48: 6 | B48: FGTS (art. 15, Lei nº 8.036/90) | H48: 0.08 | I48: =$I$40*H48 -> 220.65878
A49: 7 | B49: SEG. ACIDENTE DO TRABALHO 1%, 2% e 3% (art. 22, inc. II, alíneas "b" e "c", da Lei nº 8.212/91) | H49: 0.03 | I49: =$I$40*H49 -> 82.747041
A50: 8 | B50: SEBRAE (§ 3º, art. 8º, Lei nº 8.029/90) | H50: 0.006 | I50: =$I$40*H50 -> 16.549408
A51: Total do Grupo II | H51: =SUM(H43:H50) -> 0.368 | I51: =SUM(I43:I50) -> 1015.0304
A52: Os percentuais para o SAT podem variar de 0,50% a 6,00% em função do Fator de Acidente Previdenciário (FAP), Decreto nº 6.957/2009
A53: Deverá obrigatoriamente acompanhar a proposta de preços e a planilha de custos e formação de preços a prova do Fator Acidentário de Prevenção – FAP por meio de impressão de consulta ao site do Ministério da Previdência Social (que pode ser obtido no endereço eletrônico http://www2.dataprev.gov.br/fap/fap.htm), independentemente de alteração da alíquota da parcela do Seguro Acidente de Trabalho disposta no Quadro II da referida planilha.
A54: III | B54: Encargos Sociais - Grupo III: Tempo Não Trabalhado | H54: % | I54: Valor Mensal/unidade de serviço (R$)
A55: 1 | B55: FÉRIAS GOZADAS + ADICIONAL DE FÉRIAS | H55: 0.119314 | I55: =$I$40*H55 -> 329.09601
A56: 2 | B56: FALTAS ABONADAS (3) | H56: 0.020479 | I56: =$I$40*H56 -> 56.485888
A57: 3 | B57: FALTAS LEGAIS (4) | H57: 0.012123 | I57: =$I$40*H57 -> 33.438079
A58: 4 | B58: LICENÇA MATERNIDADE | H58: 0.011436 | I58: =$I$40*H58 -> 31.543172
A59: 5 | B59: LICENÇA PATERNIDADE | H59: 0.000174 | I59: =$I$40*H59 -> 0.47993284
A60: 6 | B60: ACIDENTE DE TRABALHO | H60: 0.000442 | I60: =$I$40*H60 -> 1.2191397
A61: 7 | B61: AVISO PRÉVIO TRABALHADO | H61: 0.000185 | I61: =$I$40*H61 -> 0.51027342
A62: 8 | B62: 13º SALÁRIO | H62: 0.09079 | I62: =$I$40*H62 -> 250.42013
A63: Total do Grupo III | H63: =SUM(H55:H62) -> 0.254943 | I63: =SUM(I55:I62) -> 703.19263
A64: (3) | B64: Faltas Justificadas por Auxílio Doença
A65: (4) | B65: Faltas Legais - Art. 473 CLT
A66: IV | B66: Encargos Sociais - Grupo IV: Indenizações | H66: % | I66: Valor Mensal/unidade de serviço (R$)
A67: 1 | B67: INDENIZAÇÕES | H67: 0.023627 | I67: =$I$40*H67 -> 65.168811
A68: 2 | B68: FGTS SOBRE INDENIZAÇÕES | H68: 0.001717 | I68: =$I$40*H68 -> 4.735889
A69: 3 | B69: INDENIZAÇÃO COMPENSATÓRIA POR DEMISSÃO SEM JUSTA CAUSA | H69: 0.009451 | I69: =$I$40*H69 -> 26.068076
A70: Total do Grupo IV | H70: =SUM(H67:H69) -> 0.034795 | I70: =SUM(I67:I69) -> 95.972776
A72: V | B72: Encargos Sociais - Grupo V: Incidências | H72: % | I72: Valor Mensal/unidade de serviço (R$)
A73: 1 | B73: INCIDÊNCIA GRUPO II (Obrigações Sociais) X GRUPO III (Tempo Não Trabalhado) | H73: =(H51*H63) -> 0.093819024 | I73: =$I$40*H73 -> 258.77489
A74: Total do Grupo V | H74: =SUM(H73:H73) -> 0.093819024 | I74: =I73 -> 258.77489
A76: TOTAL DOS ENCAGOS SOCIAIS (II + III + IV + V) | H76: =H51+H63+H70+H74 -> 0.75155702 | I76: =I51+I63+I70+I74 -> 2072.9707
A78: VI | B78: Demais custos relativos à Norma Coletiva ou Disposições Legais - Grupo VI | H78: % | I78: Valor Mensal/unidade de serviço (R$)
A79: 1 | B79: Auxílio Alimentação | H79: =I79/$I$40 -> 0.15298829 | I79: =I96 -> 421.9776
A80: 2 | B80: Auxílio Lanche | H80: =I80/$I$40 -> 0.013908026 | I80: =I92 -> 38.3616
A81: 3 | B81: Vale-Transporte⁽⁵⁾ | H81: =I81/$I$40 -> 0.069320207 | I81: =I88 -> 191.2014
A82: 4 | B82: Adicional Intervalar | H82: =I82/$I$40 -> 0 | I82: =IF(I26="Não aplicável",0,((I10/H10)*1.5*I26)) -> 0
A83: 5 | B83: Outros | H83: =I83/$I$40 -> 0.0070407351 | I83: =IF(I21="Não aplicável",0,I21) -> 19.42
A84: Total do Grupo VI | H84: =SUM(H79:H83) -> 0.24325725 | I84: =SUM(I79:I83) -> 670.9606
A85: (5) | B85: O valor do vale-transporte pode variar de acordo com o modal fornecido pelo empregador.
A86: MEMÓRIA DE CÁLCULO DO VALE TRANSPORTE
A87: Valor Unitário | C87: Dias de Trabalho | D87: Vale p/dia | E87: Custo total | F87: Base de cálculo | G87: Percentual de desconto | H87: Valor desconto | I87: Custo efetivo
A88: =I12 -> 6 | C88: =I13 -> 26 | D88: 2 | E88: =A88*C88*D88 -> 312 | F88: =I31 -> 2013.31 | G88: =I14 -> 0.06 | H88: =F88*G88 -> 120.7986 | I88: =IF((E88-H88)>0,E88-H88,0) -> 191.2014
A90: MEMÓRIA DE CÁLCULO DO VALE LANCHE
A91: Valor Unitário | C91: Dias por mês | D91: Vale p/dia | E91: Custo total | F91: Base de cálculo | G91: Percentual de desconto | H91: Valor desconto | I91: Custo efetivo
A92: =I18 -> 11.84 | C92: =I19 -> 4 | D92: 1 | E92: =A92*C92*D92 -> 47.36 | F92: =E92 -> 47.36 | G92: =I20 -> 0.19 | H92: =F92*G92 -> 8.9984 | I92: =E92-H92 -> 38.3616
A94: MEMÓRIA DE CÁLCULO DO | F94: =A15 -> Auxílio Alimentação
A95: Valor Unitário | C95: Dias por mês | D95: Vale p/dia | E95: Custo total | F95: Base de cálculo | G95: Percentual de desconto | H95: =H87 -> Valor desconto | I95: Custo efetivo
A96: =I15 -> 23.68 | C96: =I16 -> 22 | D96: 1 | E96: =A96*C96*D96 -> 520.96 | F96: =E96 -> 520.96 | G96: =I17 -> 0.19 | H96: =F96*G96 -> 98.9824 | I96: =E96-H96 -> 421.9776
A98: TOTAL DO MONTANTE A (I + II + III+ IV + V +VI) | H98: =H40+H76+H84 -> 1.9948143 | I98: =I40+I76+I84 -> 5502.166
A100: MONTANTE B
A101: I | B101: Despesas Diretas | H101: % | I101: Valor Mensal/unidade de serviço (R$)
A102: 1 | B102: Transporte (6) | H102: =I102/$I$113 -> 0 | I102: 0
A103: 2 | B103: Uniformes/EPI (6a) | H103: =I103/$I$113 -> 0 | I103: 0
A104: 3 | B104: Seguro de vida | H104: =I104/$I$113 -> 0 | I104: 0
A105: 4 | B105: Materiais/Equipamentos | H105: =I105/$I$113 -> 0 | I105: =IF(F111=20%,G111,0) -> 0
A106: 5 | B106: Mobilização (7) | H106: =I106/$I$113 -> 0 | I106: 0
A107: 6 | B107: Outros (especificar) | H107: =I107/$I$113 -> 0 | I107: 0
A108: Total de Despesas Diretas | H108: =H102+H103+H104+H105+H106+H107 -> 0 | I108: =SUM(I102:I107) -> 0
B109: (6) Somente será preenchido quando o licitante fornecer transporte próprio (6a) EPI - Equipamento de Proteção Individual (7) Tais custos de mobilização não são renováveis, devendo ser eliminados após o primeiro ano de contrato caso haja prorrogação
A111: LIMITE QUADRO I (Despesas Diretas) sobre Montante A (exceto Vale-transporte), conforme alíneas "b.2" e "b.3", Inc. II, art. 7º, do Decreto 52.768/2015, alterado pelo Decreto 53.424/2017: 10% SEM MATERIAIS/EQUIPAMENTOS; 20% COM MATERIAIS/EQUIPAMENTOS | F111: =I27 -> 0.1 | G111: =I113*F111 -> 531.09646 | H111: Dedução Vale Transporte | I111: =I81 -> 191.2014
...

Sheet Servente de Limpeza (Bento)
A1: PLANILHA DE CUSTOS E FORMAÇÃO DE PREÇOS DE SERVIÇOS CONTINUADOS COM DEDICAÇÃO EXCLUSIVA DE MÃO DE OBRA (ANEXO III - DECRETO 52.768 de 15.12.2015)
A2: PROCESSO: | C2: 24/1300-0001021-8 | E2: REGIME DE TRIBUTAÇÃO: LUCRO REAL
A3: LICITAÇÃO/EDITAL | E3: ABERTURA:
A5: Cargo/Função: | D5: Servente de Limpeza | G5: =IF(D6="12x36","Regime de trabalho:","Quantidade de HORAS/MÊS") -> Quantidade de HORAS/MÊS | I5: =IF(D6="12x36",D6,5*D6) -> 220
A6: =IF(D6="12x36","Regime de trabalho:","Regime de trabalho (horas semanais):") -> Regime de trabalho (horas semanais): | D6: 44
A7: Convenção Coletiva de Trabalho: | D7: RS004922/2023 | G7: INSALUBRIDADE (10%, 20%, 40%) | I7: 0.2
A8: Origem do salário: | D8: CCT
A9: Cidade: | D9: Bento Gonçalves | G9: PERICULOSIDADE (30%) | I9: Não aplicável
A10: Salário Normativo | G10: Vlr. do salário e nº de horas correspondentes | H10: 220 | I10: 1540.51
A11: ISS | G11: =D9 -> Bento Gonçalves | H11: Alíquota | I11: 0.03
A12: Tarifa Transporte | G12: CCT | H12: Vr. Unitário | I12: 6
H13: Dias | I13: 26
H14: Desconto | I14: 0.06
A15: Auxílio Alimentação | G15: CCT | H15: Vr. Unitário | I15: 23.68
H16: Dias | I16: 22
H17: Desconto | I17: 0.19
A18: Auxílio Lanche | G18: CCT | H18: Vr. Unitário | I18: 11.84
H19: Dias | I19: 4
H20: Desconto | I20: 0.19
A21: Plano de Benefício Familiar (cláusula vigésima nona, parágrafo segundo) | G21: CCT | H21: Valor mensal | I21: 19.42
A22: Adicional de Supervisor (37%) | H22: Porcentagem | I22: Não aplicável
A23: Base de cálculo da insalubridade | H23: Valor | I23: 1540.51
A24: Quantitativo de horas trabalhadas em feriados no mês (estimado) - Não aplicável para postos 12x36 | H24: Horas por mês | I24: Não aplicável
H25: Acréscimo da hora extra | I25: Não aplicável
A26: Hora Intervalar (somente para postos 12x36, quando for o caso) | H26: Horas por mês | I26: Não aplicável
A27: Sem fornecimento de materiais ou apenas fornecimento de EPIs ou uniformes, utilizar 10%. Com fornecimento de materiais ou equipamentos, utilizar 20%. (Decreto 52.768/2015, alterado pelo Decreto 53.424/2017) | H27: Porcentagem | I27: 0.2
A29: MONTANTE A
A30: I | B30: Remuneração - Grupo I | H30: % | I30: Valor Mensal/unidade de serviço (R$)
A31: 1 | B31: Salário | H31: =I31/$I$40 -> 0.83333333 | I31: =IF(D6="12x36",I10,I10/H10*I5) -> 1540.51
A32: =A31+1 -> 2 | B32: Adicional Periculosidade 30% (Ver súmulas 364, 132 e 191 do TST) | H32: =I32/$I$40 -> 0 | I32: =IF(I9=30%,I31*I9,0) -> 0
A33: =A32+1 -> 3 | B33: Adicional Insalubridade 10% (Ver súmula 228 e 139 TST) | H33: =I33/$I$40 -> 0 | I33: =IF(I7=10%,I23*I7,0) -> 0
A34: =A33+1 -> 4 | B34: Adicional Insalubridade 20% (Ver súmula 228 e 139 TST) | H34: =I34/$I$40 -> 0.16666667 | I34: =IF(I7=20%,I23*I7,0) -> 308.102
A35: =A34+1 -> 5 | B35: Adicional Insalubridade 40% (Ver súmula 228 e 139 TST) | H35: =I35/$I$40 -> 0 | I35: =IF(I7=40%,I23*I7,0) -> 0
A36: =A35+1 -> 6 | B36: Adicional de Supervisor (IN 05/2017 MPOG SLTI) | H36: =I36/$I$40 -> 0 | I36: =IF(I22="Não aplicável",0,I31*I22) -> 0
A37: =A36+1 -> 7 | B37: Feriados | H37: =I37/$I$40 -> 0 | I37: =IF(I24="Não aplicável",0,(I31+I32+I33+I34+I35+I36+I39)/I5*I24*(1+I25)) -> 0
A38: =A37+1 -> 8 | B38: DSR = número total das horas extras do mês / número de dias úteis X domingos e feriados do mês X valor da hora extra com acréscimo | H38: =I38/$I$40 -> 0 | I38: =IF(I24="Não aplicável",0,I24/I13*5*(I10/H10*(1+I25))) -> 0
A39: =A38+1 -> 9 | B39: =IF(D6="12x36","Para postos 12x36 os feriados são considerados compensados, conforme parágrafo único, Art. 59-A da CLT","Outros") -> Outros | H39: =I39/$I$40 -> 0 | I39: 0
A40: Total de Remuneração | H40: =SUM(H31:H39) -> 1 | I40: =SUM(I31:I39) -> 1848.612
A42: II | B42: Encargos Sociais - Grupo II: Obrigações Sociais | H42: % | I42: Valor Mensal/unidade de serviço (R$)
A43: 1 | B43: INSS (art. 22, inc. I, Lei nº 8.212/91) | H43: 0.2 | I43: =$I$40*H43 -> 369.7224
A44: 2 | B44: SESI ou SESC (art. 30, Lei nº 8.036/90) | H44: 0.015 | I44: =$I$40*H44 -> 27.72918
A45: 3 | B45: SENAI ou SENAC (Decreto-Lei nº 2.318/86) | H45: 0.01 | I45: =$I$40*H45 -> 18.48612
A46: 4 | B46: INCRA (art. 15I, Lei Complementar nº 011/71) | H46: 0.002 | I46: =$I$40*H46 -> 3.697224
A47: 5 | B47: SALÁRIO EDUCAÇÃO (art. , inc. I, Decreto nº 87.043/82) | H47: 0.025 | I47: =$I$40*H47 -> 46.2153
A48: 6 | B48: FGTS (art. 15, Lei nº 8.036/90) | H48: 0.08 | I48: =$I$40*H48 -> 147.88896
A49: 7 | B49: SEG. ACIDENTE DO TRABALHO 1%, 2% e 3% (art. 22, inc. II, alíneas "b" e "c", da Lei nº 8.212/91) | H49: 0.03 | I49: =$I$40*H49 -> 55.45836
A50: 8 | B50: SEBRAE (§ 3º, art. 8º, Lei nº 8.029/90) | H50: 0.006 | I50: =$I$40*H50 -> 11.091672
A51: Total do Grupo II | H51: =SUM(H43:H50) -> 0.368 | I51: =SUM(I43:I50) -> 680.28922
A52: Os percentuais para o SAT podem variar de 0,50% a 6,00% em função do Fator de Acidente Previdenciário (FAP), Decreto nº 6.957/2009
A53: Deverá obrigatoriamente acompanhar a proposta de preços e a planilha de custos e formação de preços a prova do Fator Acidentário de Prevenção – FAP por meio de impressão de consulta ao site do Ministério da Previdência Social (que pode ser obtido no endereço eletrônico http://www2.dataprev.gov.br/fap/fap.htm), independentemente de alteração da alíquota da parcela do Seguro Acidente de Trabalho disposta no Quadro II da referida planilha.
A54: III | B54: Encargos Sociais - Grupo III: Tempo Não Trabalhado | H54: % | I54: Valor Mensal/unidade de serviço (R$)
A55: 1 | B55: FÉRIAS GOZADAS + ADICIONAL DE FÉRIAS | H55: 0.119314 | I55: =$I$40*H55 -> 220.56529
A56: 2 | B56: FALTAS ABONADAS (3) | H56: 0.020479 | I56: =$I$40*H56 -> 37.857725
A57: 3 | B57: FALTAS LEGAIS (4) | H57: 0.012123 | I57: =$I$40*H57 -> 22.410723
A58: 4 | B58: LICENÇA MATERNIDADE | H58: 0.011436 | I58: =$I$40*H58 -> 21.140727
A59: 5 | B59: LICENÇA PATERNIDADE | H59: 0.000174 | I59: =$I$40*H59 -> 0.32165849
A60: 6 | B60: ACIDENTE DE TRABALHO | H60: 0.000442 | I60: =$I$40*H60 -> 0.8170865
A61: 7 | B61: AVISO PRÉVIO TRABALHADO | H61: 0.000185 | I61: =$I$40*H61 -> 0.34199322
A62: 8 | B62: 13º SALÁRIO | H62: 0.09079 | I62: =$I$40*H62 -> 167.83548
A63: Total do Grupo III | H63: =SUM(H55:H62) -> 0.254943 | I63: =SUM(I55:I62) -> 471.29069
A64: (3) | B64: Faltas Justificadas por Auxílio Doença
A65: (4) | B65: Faltas Legais - Art. 473 CLT
A66: IV | B66: Encargos Sociais - Grupo IV: Indenizações | H66: % | I66: Valor Mensal/unidade de serviço (R$)
A67: 1 | B67: INDENIZAÇÕES | H67: 0.023627 | I67: =$I$40*H67 -> 43.677156
A68: 2 | B68: FGTS SOBRE INDENIZAÇÕES | H68: 0.001717 | I68: =$I$40*H68 -> 3.1740668
A69: 3 | B69: INDENIZAÇÃO COMPENSATÓRIA POR DEMISSÃO SEM JUSTA CAUSA | H69: 0.009451 | I69: =$I$40*H69 -> 17.471232
A70: Total do Grupo IV | H70: =SUM(H67:H69) -> 0.034795 | I70: =SUM(I67:I69) -> 64.322455
A72: V | B72: Encargos Sociais - Grupo V: Incidências | H72: % | I72: Valor Mensal/unidade de serviço (R$)
A73: 1 | B73: INCIDÊNCIA GRUPO II (Obrigações Sociais) X GRUPO III (Tempo Não Trabalhado) | H73: =(H51*H63) -> 0.093819024 | I73: =$I$40*H73 -> 173.43497
A74: Total do Grupo V | H74: =SUM(H73:H73) -> 0.093819024 | I74: =I73 -> 173.43497
A76: TOTAL DOS ENCAGOS SOCIAIS (II + III + IV + V) | H76: =H51+H63+H70+H74 -> 0.75155702 | I76: =I51+I63+I70+I74 -> 1389.3373
A78: VI | B78: Demais custos relativos à Norma Coletiva ou Disposições Legais - Grupo VI | H78: % | I78: Valor Mensal/unidade de serviço (R$)
A79: 1 | B79: Auxílio Alimentação | H79: =I79/$I$40 -> 0.22826726 | I79: =I96 -> 421.9776
A80: 2 | B80: Auxílio Lanche | H80: =I80/$I$40 -> 0.020751569 | I80: =I92 -> 38.3616
A81: 3 | B81: Vale-Transporte⁽⁵⁾ | H81: =I81/$I$40 -> 0.11877528 | I81: =I88 -> 219.5694
A82: 4 | B82: Adicional Intervalar | H82: =I82/$I$40 -> 0 | I82: =IF(I26="Não aplicável",0,((I10/H10)*1.5*I26)) -> 0
A83: 5 | B83: Outros | H83: =I83/$I$40 -> 0.010505179 | I83: =IF(I21="Não aplicável",0,I21) -> 19.42
A84: Total do Grupo VI | H84: =SUM(H79:H83) -> 0.37829929 | I84: =SUM(I79:I83) -> 699.3286
A85: (5) | B85: O valor do vale-transporte pode variar de acordo com o modal fornecido pelo empregador.
A86: MEMÓRIA DE CÁLCULO DO VALE TRANSPORTE
A87: Valor Unitário | C87: Dias de Trabalho | D87: Vale p/dia | E87: Custo total | F87: Base de cálculo | G87: Percentual de desconto | H87: Valor desconto | I87: Custo efetivo
A88: =I12 -> 6 | C88: =I13 -> 26 | D88: 2 | E88: =A88*C88*D88 -> 312 | F88: =I31 -> 1540.51 | G88: =I14 -> 0.06 | H88: =F88*G88 -> 92.4306 | I88: =IF((E88-H88)>0,E88-H88,0) -> 219.5694
A90: MEMÓRIA DE CÁLCULO DO VALE LANCHE
A91: Valor Unitário | C91: Dias por mês | D91: Vale p/dia | E91: Custo total | F91: Base de cálculo | G91: Percentual de desconto | H91: Valor desconto | I91: Custo efetivo
A92: =I18 -> 11.84 | C92: =I19 -> 4 | D92: 1 | E92: =A92*C92*D92 -> 47.36 | F92: =E92 -> 47.36 | G92: =I20 -> 0.19 | H92: =F92*G92 -> 8.9984 | I92: =E92-H92 -> 38.3616
A94: MEMÓRIA DE CÁLCULO DO | F94: =A15 -> Auxílio Alimentação
A95: Valor Unitário | C95: Dias por mês | D95: Vale p/dia | E95: Custo total | F95: Base de cálculo | G95: Percentual de desconto | H95: =H87 -> Valor desconto | I95: Custo efetivo
A96: =I15 -> 23.68 | C96: =I16 -> 22 | D96: 1 | E96: =A96*C96*D96 -> 520.96 | F96: =E96 -> 520.96 | G96: =I17 -> 0.19 | H96: =F96*G96 -> 98.9824 | I96: =E96-H96 -> 421.9776
A98: TOTAL DO MONTANTE A (I + II + III+ IV + V +VI) | H98: =H40+H76+H84 -> 2.1298563 | I98: =I40+I76+I84 -> 3937.2779
A100: MONTANTE B
A101: I | B101: Despesas Diretas | H101: % | I101: Valor Mensal/unidade de serviço (R$)
A102: 1 | B102: Transporte (6) | H102: =I102/$I$113 -> 0 | I102: 0
A103: 2 | B103: Uniformes/EPI (6a) | H103: =I103/$I$113 -> 0 | I103: 0
A104: 3 | B104: Seguro de vida | H104: =I104/$I$113 -> 0 | I104: 0
A105: 4 | B105: Materiais/Equipamentos | H105: =I105/$I$113 -> 0 | I105: 0
A106: 5 | B106: Mobilização (7) | H106: =I106/$I$113 -> 0 | I106: 0
A107: 6 | B107: Outros (especificar) | H107: =I107/$I$113 -> 0 | I107: 0
A108: Total de Despesas Diretas | H108: =H102+H103+H104+H105+H106+H107 -> 0 | I108: =SUM(I102:I107) -> 0
B109: (6) Somente será preenchido quando o licitante fornecer transporte próprio (6a) EPI - Equipamento de Proteção Individual (7) Tais custos de mobilização não são renováveis, devendo ser eliminados após o primeiro ano de contrato caso haja prorrogação
A111: LIMITE QUADRO I (Despesas Diretas) sobre Montante A (exceto Vale-transporte), conforme alíneas "b.2" e "b.3", Inc. II, art. 7º, do Decreto 52.768/2015, alterado pelo Decreto 53.424/2017: 10% SEM MATERIAIS/EQUIPAMENTOS; 20% COM MATERIAIS/EQUIPAMENTOS | F111: =I27 -> 0.2 | G111: =I113*F111 -> 743.54171 | H111: Dedução Vale Transporte | I111: =I81 -> 219.5694
...

Sheet Auxiliar Adm (SM)
A1: PLANILHA DE CUSTOS E FORMAÇÃO DE PREÇOS DE SERVIÇOS CONTINUADOS COM DEDICAÇÃO EXCLUSIVA DE MÃO DE OBRA (ANEXO III - DECRETO 52.768 de 15.12.2015)
A2: PROCESSO: | C2: 24/1300-0001021-8 | E2: REGIME DE TRIBUTAÇÃO: LUCRO REAL
A3: LICITAÇÃO/EDITAL | E3: ABERTURA:
A5: Cargo/Função: | D5: Auxiliar Administrativo | G5: =IF(D6="12x36","Regime de trabalho:","Quantidade de HORAS/MÊS") -> Quantidade de HORAS/MÊS | I5: =IF(D6="12x36",D6,5*D6) -> 220
A6: =IF(D6="12x36","Regime de trabalho:","Regime de trabalho (horas semanais):") -> Regime de trabalho (horas semanais): | D6: 44
A7: Convenção Coletiva de Trabalho: | D7: RS000042/2024 | G7: INSALUBRIDADE (10%, 20%, 40%) | I7: Não aplicável
A8: Origem do salário: | D8: CCT
A9: Cidade: | D9: Santa Maria | G9: PERICULOSIDADE (30%) | I9: Não aplicável
A10: Salário Normativo | G10: Vlr. do salário e nº de horas correspondentes | H10: 220 | I10: 2013.31
A11: ISS | G11: =D9 -> Santa Maria | H11: Alíquota | I11: 0.04
A12: Tarifa Transporte | G12: CCT | H12: Vr. Unitário | I12: 5
H13: Dias | I13: 26
H14: Desconto | I14: 0.06
A15: Auxílio Alimentação | G15: CCT | H15: Vr. Unitário | I15: 23.68
H16: Dias | I16: 22
H17: Desconto | I17: 0.19
A18: Auxílio Lanche | G18: CCT | H18: Vr. Unitário | I18: 11.84
H19: Dias | I19: 4
H20: Desconto | I20: 0.19
A21: Plano de Benefício Familiar (cláusula vigésima nona, parágrafo segundo) | G21: CCT | H21: Valor mensal | I21: 19.42
A22: Adicional de Supervisor (37%) | H22: Porcentagem | I22: Não aplicável
A23: Base de cálculo da insalubridade | H23: Valor | I23: Não aplicável
A24: Quantitativo de horas trabalhadas em feriados no mês (estimado) - Não aplicável para postos 12x36 | H24: Horas por mês | I24: Não aplicável
H25: Acréscimo da hora extra | I25: Não aplicável
A26: Hora Intervalar (somente para postos 12x36, quando for o caso) | H26: Horas por mês | I26: Não aplicável
A27: Sem fornecimento de materiais ou apenas fornecimento de EPIs ou uniformes, utilizar 10%. Com fornecimento de materiais ou equipamentos, utilizar 20%. (Decreto 52.768/2015, alterado pelo Decreto 53.424/2017) | H27: Porcentagem | I27: 0.1
A29: MONTANTE A
A30: I | B30: Remuneração - Grupo I | H30: % | I30: Valor Mensal/unidade de serviço (R$)
A31: 1 | B31: Salário | H31: =I31/$I$40 -> 1 | I31: =IF(D6="12x36",I10,I10/H10*I5) -> 2013.31
A32: =A31+1 -> 2 | B32: Adicional Periculosidade 30% (Ver súmulas 364, 132 e 191 do TST) | H32: =I32/$I$40 -> 0 | I32: =IF(I9=30%,I31*I9,0) -> 0
A33: =A32+1 -> 3 | B33: Adicional Insalubridade 10% (Ver súmula 228 e 139 TST) | H33: =I33/$I$40 -> 0 | I33: =IF(I7=10%,I23*I7,0) -> 0
A34: =A33+1 -> 4 | B34: Adicional Insalubridade 20% (Ver súmula 228 e 139 TST) | H34: =I34/$I$40 -> 0 | I34: =IF(I7=20%,I23*I7,0) -> 0
A35: =A34+1 -> 5 | B35: Adicional Insalubridade 40% (Ver súmula 228 e 139 TST) | H35: =I35/$I$40 -> 0 | I35: =IF(I7=40%,I23*I7,0) -> 0
A36: =A35+1 -> 6 | B36: Adicional de Supervisor (IN 05/2017 MPOG SLTI) | H36: =I36/$I$40 -> 0 | I36: =IF(I22="Não aplicável",0,I31*I22) -> 0
A37: =A36+1 -> 7 | B37: Feriados | H37: =I37/$I$40 -> 0 | I37: =IF(I24="Não aplicável",0,(I31+I32+I33+I34+I35+I36+I39)/I5*I24*(1+I25)) -> 0
A38: =A37+1 -> 8 | B38: DSR = número total das horas extras do mês / número de dias úteis X domingos e feriados do mês X valor da hora extra com acréscimo | H38: =I38/$I$40 -> 0 | I38: =IF(I24="Não aplicável",0,I24/I13*5*(I10/H10*(1+I25))) -> 0
A39: =A38+1 -> 9 | B39: =IF(D6="12x36","Para postos 12x36 os feriados são considerados compensados, conforme parágrafo único, Art. 59-A da CLT","Outros") -> Outros | H39: =I39/$I$40 -> 0 | I39: 0
A40: Total de Remuneração | H40: =SUM(H31:H39) -> 1 | I40: =SUM(I31:I39) -> 2013.31
A42: II | B42: Encargos Sociais - Grupo II: Obrigações Sociais | H42: % | I42: Valor Mensal/unidade de serviço (R$)
A43: 1 | B43: INSS (art. 22, inc. I, Lei nº 8.212/91) | H43: 0.2 | I43: =$I$40*H43 -> 402.662
A44: 2 | B44: SESI ou SESC (art. 30, Lei nº 8.036/90) | H44: 0.015 | I44: =$I$40*H44 -> 30.19965
A45: 3 | B45: SENAI ou SENAC (Decreto-Lei nº 2.318/86) | H45: 0.01 | I45: =$I$40*H45 -> 20.1331
A46: 4 | B46: INCRA (art. 15I, Lei Complementar nº 011/71) | H46: 0.002 | I46: =$I$40*H46 -> 4.02662
A47: 5 | B47: SALÁRIO EDUCAÇÃO (art. , inc. I, Decreto nº 87.043/82) | H47: 0.025 | I47: =$I$40*H47 -> 50.33275
A48: 6 | B48: FGTS (art. 15, Lei nº 8.036/90) | H48: 0.08 | I48: =$I$40*H48 -> 161.0648
A49: 7 | B49: SEG. ACIDENTE DO TRABALHO 1%, 2% e 3% (art. 22, inc. II, alíneas "b" e "c", da Lei nº 8.212/91) | H49: 0.03 | I49: =$I$40*H49 -> 60.3993
A50: 8 | B50: SEBRAE (§ 3º, art. 8º, Lei nº 8.029/90) | H50: 0.006 | I50: =$I$40*H50 -> 12.07986
A51: Total do Grupo II | H51: =SUM(H43:H50) -> 0.368 | I51: =SUM(I43:I50) -> 740.89808
A52: Os percentuais para o SAT podem variar de 0,50% a 6,00% em função do Fator de Acidente Previdenciário (FAP), Decreto nº 6.957/2009
A53: Deverá obrigatoriamente acompanhar a proposta de preços e a planilha de custos e formação de preços a prova do Fator Acidentário de Prevenção – FAP por meio de impressão de consulta ao site do Ministério da Previdência Social (que pode ser obtido no endereço eletrônico http://www2.dataprev.gov.br/fap/fap.htm), independentemente de alteração da alíquota da parcela do Seguro Acidente de Trabalho disposta no Quadro II da referida planilha.
A54: III | B54: Encargos Sociais - Grupo III: Tempo Não Trabalhado | H54: % | I54: Valor Mensal/unidade de serviço (R$)
A55: 1 | B55: FÉRIAS GOZADAS + ADICIONAL DE FÉRIAS | H55: 0.119314 | I55: =$I$40*H55 -> 240.21607
A56: 2 | B56: FALTAS ABONADAS (3) | H56: 0.020479 | I56: =$I$40*H56 -> 41.230575
A57: 3 | B57: FALTAS LEGAIS (4) | H57: 0.012123 | I57: =$I$40*H57 -> 24.407357
A58: 4 | B58: LICENÇA MATERNIDADE | H58: 0.011436 | I58: =$I$40*H58 -> 23.024213
A59: 5 | B59: LICENÇA PATERNIDADE | H59: 0.000174 | I59: =$I$40*H59 -> 0.35031594
A60: 6 | B60: ACIDENTE DE TRABALHO | H60: 0.000442 | I60: =$I$40*H60 -> 0.88988302
A61: 7 | B61: AVISO PRÉVIO TRABALHADO | H61: 0.000185 | I61: =$I$40*H61 -> 0.37246235
A62: 8 | B62: 13º SALÁRIO | H62: 0.09079 | I62: =$I$40*H62 -> 182.78841
A63: Total do Grupo III | H63: =SUM(H55:H62) -> 0.254943 | I63: =SUM(I55:I62) -> 513.27929
A64: (3) | B64: Faltas Justificadas por Auxílio Doença
A65: (4) | B65: Faltas Legais - Art. 473 CLT
A66: IV | B66: Encargos Sociais - Grupo IV: Indenizações | H66: % | I66: Valor Mensal/unidade de serviço (R$)
A67: 1 | B67: INDENIZAÇÕES | H67: 0.023627 | I67: =$I$40*H67 -> 47.568475
A68: 2 | B68: FGTS SOBRE INDENIZAÇÕES | H68: 0.001717 | I68: =$I$40*H68 -> 3.4568533
A69: 3 | B69: INDENIZAÇÃO COMPENSATÓRIA POR DEMISSÃO SEM JUSTA CAUSA | H69: 0.009451 | I69: =$I$40*H69 -> 19.027793
A70: Total do Grupo IV | H70: =SUM(H67:H69) -> 0.034795 | I70: =SUM(I67:I69) -> 70.053121
A72: V | B72: Encargos Sociais - Grupo V: Incidências | H72: % | I72: Valor Mensal/unidade de serviço (R$)
A73: 1 | B73: INCIDÊNCIA GRUPO II (Obrigações Sociais) X GRUPO III (Tempo Não Trabalhado) | H73: =(H51*H63) -> 0.093819024 | I73: =$I$40*H73 -> 188.88678
A74: Total do Grupo V | H74: =SUM(H73:H73) -> 0.093819024 | I74: =I73 -> 188.88678
A76: TOTAL DOS ENCAGOS SOCIAIS (II + III + IV + V) | H76: =H51+H63+H70+H74 -> 0.75155702 | I76: =I51+I63+I70+I74 -> 1513.1173
A78: VI | B78: Demais custos relativos à Norma Coletiva ou Disposições Legais - Grupo VI | H78: % | I78: Valor Mensal/unidade de serviço (R$)
A79: 1 | B79: Auxílio Alimentação | H79: =I79/$I$40 -> 0.20959395 | I79: =I96 -> 421.9776
A80: 2 | B80: Auxílio Lanche | H80: =I80/$I$40 -> 0.019053996 | I80: =I92 -> 38.3616
A81: 3 | B81: Vale-Transporte⁽⁵⁾ | H81: =I81/$I$40 -> 0.06914057 | I81: =I88 -> 139.2014
A82: 4 | B82: Adicional Intervalar | H82: =I82/$I$40 -> 0 | I82: =IF(I26="Não aplicável",0,((I10/H10)*1.5*I26)) -> 0
A83: 5 | B83: Outros | H83: =I83/$I$40 -> 0.0096458072 | I83: =IF(I21="Não aplicável",0,I21) -> 19.42
A84: Total do Grupo VI | H84: =SUM(H79:H83) -> 0.30743432 | I84: =SUM(I79:I83) -> 618.9606
A85: (5) | B85: O valor do vale-transporte pode variar de acordo com o modal fornecido pelo empregador.
A86: MEMÓRIA DE CÁLCULO DO VALE TRANSPORTE
A87: Valor Unitário | C87: Dias de Trabalho | D87: Vale p/dia | E87: Custo total | F87: Base de cálculo | G87: Percentual de desconto | H87: Valor desconto | I87: Custo efetivo
A88: =I12 -> 5 | C88: =I13 -> 26 | D88: 2 | E88: =A88*C88*D88 -> 260 | F88: =I31 -> 2013.31 | G88: =I14 -> 0.06 | H88: =F88*G88 -> 120.7986 | I88: =IF((E88-H88)>0,E88-H88,0) -> 139.2014
A90: MEMÓRIA DE CÁLCULO DO VALE LANCHE
A91: Valor Unitário | C91: Dias por mês | D91: Vale p/dia | E91: Custo total | F91: Base de cálculo | G91: Percentual de desconto | H91: Valor desconto | I91: Custo efetivo
A92: =I18 -> 11.84 | C92: =I19 -> 4 | D92: 1 | E92: =A92*C92*D92 -> 47.36 | F92: =E92 -> 47.36 | G92: =I20 -> 0.19 | H92: =F92*G92 -> 8.9984 | I92: =E92-H92 -> 38.3616
A94: MEMÓRIA DE CÁLCULO DO | F94: =A15 -> Auxílio Alimentação
A95: Valor Unitário | C95: Dias por mês | D95: Vale p/dia | E95: Custo total | F95: Base de cálculo | G95: Percentual de desconto | H95: =H87 -> Valor desconto | I95: Custo efetivo
A96: =I15 -> 23.68 | C96: =I16 -> 22 | D96: 1 | E96: =A96*C96*D96 -> 520.96 | F96: =E96 -> 520.96 | G96: =I17 -> 0.19 | H96: =F96*G96 -> 98.9824 | I96: =E96-H96 -> 421.9776
A98: TOTAL DO MONTANTE A (I + II + III+ IV + V +VI) | H98: =H40+H76+H84 -> 2.0589913 | I98: =I40+I76+I84 -> 4145.3879
A100: MONTANTE B
A101: I | B101: Despesas Diretas | H101: % | I101: Valor Mensal/unidade de serviço (R$)
A102: 1 | B102: Transporte (6) | H102: =I102/$I$113 -> 0 | I102: 0
A103: 2 | B103: Uniformes/EPI (6a) | H103: =I103/$I$113 -> 0 | I103: 0
A104: 3 | B104: Seguro de vida | H104: =I104/$I$113 -> 0 | I104: 0
A105: 4 | B105: Materiais/Equipamentos | H105: =I105/$I$113 -> 0 | I105: =IF(F111=20%,G111,0) -> 0
A106: 5 | B106: Mobilização (7) | H106: =I106/$I$113 -> 0 | I106: 0
A107: 6 | B107: Outros (especificar) | H107: =I107/$I$113 -> 0 | I107: 0
A108: Total de Despesas Diretas | H108: =H102+H103+H104+H105+H106+H107 -> 0 | I108: =SUM(I102:I107) -> 0
B109: (6) Somente será preenchido quando o licitante fornecer transporte próprio (6a) EPI - Equipamento de Proteção Individual (7) Tais custos de mobilização não são renováveis, devendo ser eliminados após o primeiro ano de contrato caso haja prorrogação
A111: LIMITE QUADRO I (Despesas Diretas) sobre Montante A (exceto Vale-transporte), conforme alíneas "b.2" e "b.3", Inc. II, art. 7º, do Decreto 52.768/2015, alterado pelo Decreto 53.424/2017: 10% SEM MATERIAIS/EQUIPAMENTOS; 20% COM MATERIAIS/EQUIPAMENTOS | F111: =I27 -> 0.1 | G111: =I113*F111 -> 400.61865 | H111: Dedução Vale Transporte | I111: =I81 -> 139.2014
...

Sheet Auxiliar Adm Supervisor (SM)
A1: PLANILHA DE CUSTOS E FORMAÇÃO DE PREÇOS DE SERVIÇOS CONTINUADOS COM DEDICAÇÃO EXCLUSIVA DE MÃO DE OBRA (ANEXO III - DECRETO 52.768 de 15.12.2015)
A2: PROCESSO: | C2: 24/1300-0001021-8 | E2: REGIME DE TRIBUTAÇÃO: LUCRO REAL
A3: LICITAÇÃO/EDITAL | E3: ABERTURA:
A5: Cargo/Função: | D5: Auxiliar Administrativo Supervisor | G5: =IF(D6="12x36","Regime de trabalho:","Quantidade de HORAS/MÊS") -> Quantidade de HORAS/MÊS | I5: =IF(D6="12x36",D6,5*D6) -> 220
A6: =IF(D6="12x36","Regime de trabalho:","Regime de trabalho (horas semanais):") -> Regime de trabalho (horas semanais): | D6: 44
A7: Convenção Coletiva de Trabalho: | D7: RS000042/2024 | G7: INSALUBRIDADE (10%, 20%, 40%) | I7: Não aplicável
A8: Origem do salário: | D8: CCT
A9: Cidade: | D9: Santa Maria | G9: PERICULOSIDADE (30%) | I9: Não aplicável
A10: Salário Normativo | G10: Vlr. do salário e nº de horas correspondentes | H10: 220 | I10: 2013.31
A11: ISS | G11: =D9 -> Santa Maria | H11: Alíquota | I11: 0.04
A12: Tarifa Transporte | G12: CCT | H12: Vr. Unitário | I12: 5
H13: Dias | I13: 26
H14: Desconto | I14: 0.06
A15: Auxílio Alimentação | G15: CCT | H15: Vr. Unitário | I15: 23.68
H16: Dias | I16: 22
H17: Desconto | I17: 0.19
A18: Auxílio Lanche | G18: CCT | H18: Vr. Unitário | I18: 11.84
H19: Dias | I19: 4
H20: Desconto | I20: 0.19
A21: Plano de Benefício Familiar (cláusula vigésima nona, parágrafo segundo) | G21: CCT | H21: Valor mensal | I21: 19.42
A22: Adicional de Supervisor (37%) | H22: Porcentagem | I22: 0.37
A23: Base de cálculo da insalubridade | H23: Valor | I23: Não aplicável
A24: Quantitativo de horas trabalhadas em feriados no mês (estimado) - Não aplicável para postos 12x36 | H24: Horas por mês | I24: Não aplicável
H25: Acréscimo da hora extra | I25: Não aplicável
A26: Hora Intervalar (somente para postos 12x36, quando for o caso) | H26: Horas por mês | I26: Não aplicável
A27: Sem fornecimento de materiais ou apenas fornecimento de EPIs ou uniformes, utilizar 10%. Com fornecimento de materiais ou equipamentos, utilizar 20%. (Decreto 52.768/2015, alterado pelo Decreto 53.424/2017) | H27: Porcentagem | I27: 0.1
A29: MONTANTE A
A30: I | B30: Remuneração - Grupo I | H30: % | I30: Valor Mensal/unidade de serviço (R$)
A31: 1 | B31: Salário | H31: =I31/$I$40 -> 0.72992701 | I31: =IF(D6="12x36",I10,I10/H10*I5) -> 2013.31
A32: =A31+1 -> 2 | B32: Adicional Periculosidade 30% (Ver súmulas 364, 132 e 191 do TST) | H32: =I32/$I$40 -> 0 | I32: =IF(I9=30%,I31*I9,0) -> 0
A33: =A32+1 -> 3 | B33: Adicional Insalubridade 10% (Ver súmula 228 e 139 TST) | H33: =I33/$I$40 -> 0 | I33: =IF(I7=10%,I23*I7,0) -> 0
A34: =A33+1 -> 4 | B34: Adicional Insalubridade 20% (Ver súmula 228 e 139 TST) | H34: =I34/$I$40 -> 0 | I34: =IF(I7=20%,I23*I7,0) -> 0
A35: =A34+1 -> 5 | B35: Adicional Insalubridade 40% (Ver súmula 228 e 139 TST) | H35: =I35/$I$40 -> 0 | I35: =IF(I7=40%,I23*I7,0) -> 0
A36: =A35+1 -> 6 | B36: Adicional de Supervisor (IN 05/2017 MPOG SLTI) | H36: =I36/$I$40 -> 0.27007299 | I36: =IF(I22="Não aplicável",0,I31*I22) -> 744.9247
A37: =A36+1 -> 7 | B37: Feriados | H37: =I37/$I$40 -> 0 | I37: =IF(I24="Não aplicável",0,(I31+I32+I33+I34+I35+I36+I39)/I5*I24*(1+I25)) -> 0
A38: =A37+1 -> 8 | B38: DSR = número total das horas extras do mês / número de dias úteis X domingos e feriados do mês X valor da hora extra com acréscimo | H38: =I38/$I$40 -> 0 | I38: =IF(I24="Não aplicável",0,I24/I13*5*(I10/H10*(1+I25))) -> 0
A39: =A38+1 -> 9 | B39: =IF(D6="12x36","Para postos 12x36 os feriados são considerados compensados, conforme parágrafo único, Art. 59-A da CLT","Outros") -> Outros | H39: =I39/$I$40 -> 0 | I39: 0
A40: Total de Remuneração | H40: =SUM(H31:H39) -> 1 | I40: =SUM(I31:I39) -> 2758.2347
A42: II | B42: Encargos Sociais - Grupo II: Obrigações Sociais | H42: % | I42: Valor Mensal/unidade de serviço (R$)
A43: 1 | B43: INSS (art. 22, inc. I, Lei nº 8.212/91) | H43: 0.2 | I43: =$I$40*H43 -> 551.64694
A44: 2 | B44: SESI ou SESC (art. 30, Lei nº 8.036/90) | H44: 0.015 | I44: =$I$40*H44 -> 41.37352
A45: 3 | B45: SENAI ou SENAC (Decreto-Lei nº 2.318/86) | H45: 0.01 | I45: =$I$40*H45 -> 27.582347
A46: 4 | B46: INCRA (art. 15I, Lei Complementar nº 011/71) | H46: 0.002 | I46: =$I$40*H46 -> 5.5164694
A47: 5 | B47: SALÁRIO EDUCAÇÃO (art. , inc. I, Decreto nº 87.043/82) | H47: 0.025 | I47: =$I$40*H47 -> 68.955867
A48: 6 | B48: FGTS (art. 15, Lei nº 8.036/90) | H48: 0.08 | I48: =$I$40*H48 -> 220.65878
A49: 7 | B49: SEG. ACIDENTE DO TRABALHO 1%, 2% e 3% (art. 22, inc. II, alíneas "b" e "c", da Lei nº 8.212/91) | H49: 0.03 | I49: =$I$40*H49 -> 82.747041
A50: 8 | B50: SEBRAE (§ 3º, art. 8º, Lei nº 8.029/90) | H50: 0.006 | I50: =$I$40*H50 -> 16.549408
A51: Total do Grupo II | H51: =SUM(H43:H50) -> 0.368 | I51: =SUM(I43:I50) -> 1015.0304
A52: Os percentuais para o SAT podem variar de 0,50% a 6,00% em função do Fator de Acidente Previdenciário (FAP), Decreto nº 6.957/2009
A53: Deverá obrigatoriamente acompanhar a proposta de preços e a planilha de custos e formação de preços a prova do Fator Acidentário de Prevenção – FAP por meio de impressão de consulta ao site do Ministério da Previdência Social (que pode ser obtido no endereço eletrônico http://www2.dataprev.gov.br/fap/fap.htm), independentemente de alteração da alíquota da parcela do Seguro Acidente de Trabalho disposta no Quadro II da referida planilha.
A54: III | B54: Encargos Sociais - Grupo III: Tempo Não Trabalhado | H54: % | I54: Valor Mensal/unidade de serviço (R$)
A55: 1 | B55: FÉRIAS GOZADAS + ADICIONAL DE FÉRIAS | H55: 0.119314 | I55: =$I$40*H55 -> 329.09601
A56: 2 | B56: FALTAS ABONADAS (3) | H56: 0.020479 | I56: =$I$40*H56 -> 56.485888
A57: 3 | B57: FALTAS LEGAIS (4) | H57: 0.012123 | I57: =$I$40*H57 -> 33.438079
A58: 4 | B58: LICENÇA MATERNIDADE | H58: 0.011436 | I58: =$I$40*H58 -> 31.543172
A59: 5 | B59: LICENÇA PATERNIDADE | H59: 0.000174 | I59: =$I$40*H59 -> 0.47993284
A60: 6 | B60: ACIDENTE DE TRABALHO | H60: 0.000442 | I60: =$I$40*H60 -> 1.2191397
A61: 7 | B61: AVISO PRÉVIO TRABALHADO | H61: 0.000185 | I61: =$I$40*H61 -> 0.51027342
A62: 8 | B62: 13º SALÁRIO | H62: 0.09079 | I62: =$I$40*H62 -> 250.42013
A63: Total do Grupo III | H63: =SUM(H55:H62) -> 0.254943 | I63: =SUM(I55:I62) -> 703.19263
A64: (3) | B64: Faltas Justificadas por Auxílio Doença
A65: (4) | B65: Faltas Legais - Art. 473 CLT
A66: IV | B66: Encargos Sociais - Grupo IV: Indenizações | H66: % | I66: Valor Mensal/unidade de serviço (R$)
A67: 1 | B67: INDENIZAÇÕES | H67: 0.023627 | I67: =$I$40*H67 -> 65.168811
A68: 2 | B68: FGTS SOBRE INDENIZAÇÕES | H68: 0.001717 | I68: =$I$40*H68 -> 4.735889
A69: 3 | B69: INDENIZAÇÃO COMPENSATÓRIA POR DEMISSÃO SEM JUSTA CAUSA | H69: 0.009451 | I69: =$I$40*H69 -> 26.068076
A70: Total do Grupo IV | H70: =SUM(H67:H69) -> 0.034795 | I70: =SUM(I67:I69) -> 95.972776
A72: V | B72: Encargos Sociais - Grupo V: Incidências | H72: % | I72: Valor Mensal/unidade de serviço (R$)
A73: 1 | B73: INCIDÊNCIA GRUPO II (Obrigações Sociais) X GRUPO III (Tempo Não Trabalhado) | H73: =(H51*H63) -> 0.093819024 | I73: =$I$40*H73 -> 258.77489
A74: Total do Grupo V | H74: =SUM(H73:H73) -> 0.093819024 | I74: =I73 -> 258.77489
A76: TOTAL DOS ENCAGOS SOCIAIS (II + III + IV + V) | H76: =H51+H63+H70+H74 -> 0.75155702 | I76: =I51+I63+I70+I74 -> 2072.9707
A78: VI | B78: Demais custos relativos à Norma Coletiva ou Disposições Legais - Grupo VI | H78: % | I78: Valor Mensal/unidade de serviço (R$)
A79: 1 | B79: Auxílio Alimentação | H79: =I79/$I$40 -> 0.15298829 | I79: =I96 -> 421.9776
A80: 2 | B80: Auxílio Lanche | H80: =I80/$I$40 -> 0.013908026 | I80: =I92 -> 38.3616
A81: 3 | B81: Vale-Transporte⁽⁵⁾ | H81: =I81/$I$40 -> 0.050467569 | I81: =I88 -> 139.2014
A82: 4 | B82: Adicional Intervalar | H82: =I82/$I$40 -> 0 | I82: =IF(I26="Não aplicável",0,((I10/H10)*1.5*I26)) -> 0
A83: 5 | B83: Outros | H83: =I83/$I$40 -> 0.0070407351 | I83: =IF(I21="Não aplicável",0,I21) -> 19.42
A84: Total do Grupo VI | H84: =SUM(H79:H83) -> 0.22440462 | I84: =SUM(I79:I83) -> 618.9606
A85: (5) | B85: O valor do vale-transporte pode variar de acordo com o modal fornecido pelo empregador.
A86: MEMÓRIA DE CÁLCULO DO VALE TRANSPORTE
A87: Valor Unitário | C87: Dias de Trabalho | D87: Vale p/dia | E87: Custo total | F87: Base de cálculo | G87: Percentual de desconto | H87: Valor desconto | I87: Custo efetivo
A88: =I12 -> 5 | C88: =I13 -> 26 | D88: 2 | E88: =A88*C88*D88 -> 260 | F88: =I31 -> 2013.31 | G88: =I14 -> 0.06 | H88: =F88*G88 -> 120.7986 | I88: =IF((E88-H88)>0,E88-H88,0) -> 139.2014
A90: MEMÓRIA DE CÁLCULO DO VALE LANCHE
A91: Valor Unitário | C91: Dias por mês | D91: Vale p/dia | E91: Custo total | F91: Base de cálculo | G91: Percentual de desconto | H91: Valor desconto | I91: Custo efetivo
A92: =I18 -> 11.84 | C92: =I19 -> 4 | D92: 1 | E92: =A92*C92*D92 -> 47.36 | F92: =E92 -> 47.36 | G92: =I20 -> 0.19 | H92: =F92*G92 -> 8.9984 | I92: =E92-H92 -> 38.3616
A94: MEMÓRIA DE CÁLCULO DO | F94: =A15 -> Auxílio Alimentação
A95: Valor Unitário | C95: Dias por mês | D95: Vale p/dia | E95: Custo total | F95: Base de cálculo | G95: Percentual de desconto | H95: =H87 -> Valor desconto | I95: Custo efetivo
A96: =I15 -> 23.68 | C96: =I16 -> 22 | D96: 1 | E96: =A96*C96*D96 -> 520.96 | F96: =E96 -> 520.96 | G96: =I17 -> 0.19 | H96: =F96*G96 -> 98.9824 | I96: =E96-H96 -> 421.9776
A98: TOTAL DO MONTANTE A (I + II + III+ IV + V +VI) | H98: =H40+H76+H84 -> 1.9759616 | I98: =I40+I76+I84 -> 5450.166
A100: MONTANTE B
A101: I | B101: Despesas Diretas | H101: % | I101: Valor Mensal/unidade de serviço (R$)
A102: 1 | B102: Transporte (6) | H102: =I102/$I$113 -> 0 | I102: 0
A103: 2 | B103: Uniformes/EPI (6a) | H103: =I103/$I$113 -> 0 | I103: 0
A104: 3 | B104: Seguro de vida | H104: =I104/$I$113 -> 0 | I104: 0
A105: 4 | B105: Materiais/Equipamentos | H105: =I105/$I$113 -> 0 | I105: =IF(F111=20%,G111,0) -> 0
A106: 5 | B106: Mobilização (7) | H106: =I106/$I$113 -> 0 | I106: 0
A107: 6 | B107: Outros (especificar) | H107: =I107/$I$113 -> 0 | I107: 0
A108: Total de Despesas Diretas | H108: =H102+H103+H104+H105+H106+H107 -> 0 | I108: =SUM(I102:I107) -> 0
B109: (6) Somente será preenchido quando o licitante fornecer transporte próprio (6a) EPI - Equipamento de Proteção Individual (7) Tais custos de mobilização não são renováveis, devendo ser eliminados após o primeiro ano de contrato caso haja prorrogação
A111: LIMITE QUADRO I (Despesas Diretas) sobre Montante A (exceto Vale-transporte), conforme alíneas "b.2" e "b.3", Inc. II, art. 7º, do Decreto 52.768/2015, alterado pelo Decreto 53.424/2017: 10% SEM MATERIAIS/EQUIPAMENTOS; 20% COM MATERIAIS/EQUIPAMENTOS | F111: =I27 -> 0.1 | G111: =I113*F111 -> 531.09646 | H111: Dedução Vale Transporte | I111: =I81 -> 139.2014
...

Sheet Servente de Limpeza (SM)
A1: PLANILHA DE CUSTOS E FORMAÇÃO DE PREÇOS DE SERVIÇOS CONTINUADOS COM DEDICAÇÃO EXCLUSIVA DE MÃO DE OBRA (ANEXO III - DECRETO 52.768 de 15.12.2015)
A2: PROCESSO: | C2: 24/1300-0001021-8 | E2: REGIME DE TRIBUTAÇÃO: LUCRO REAL
A3: LICITAÇÃO/EDITAL | E3: ABERTURA:
A5: Cargo/Função: | D5: Servente de Limpeza | G5: =IF(D6="12x36","Regime de trabalho:","Quantidade de HORAS/MÊS") -> Quantidade de HORAS/MÊS | I5: =IF(D6="12x36",D6,5*D6) -> 220
A6: =IF(D6="12x36","Regime de trabalho:","Regime de trabalho (horas semanais):") -> Regime de trabalho (horas semanais): | D6: 44
A7: Convenção Coletiva de Trabalho: | D7: RS000042/2024 | G7: INSALUBRIDADE (10%, 20%, 40%) | I7: 0.2
A8: Origem do salário: | D8: CCT
A9: Cidade: | D9: Santa Maria | G9: PERICULOSIDADE (30%) | I9: Não aplicável
A10: Salário Normativo | G10: Vlr. do salário e nº de horas correspondentes | H10: 220 | I10: 1540.51
A11: ISS | G11: =D9 -> Santa Maria | H11: Alíquota | I11: 0.04
A12: Tarifa Transporte | G12: CCT | H12: Vr. Unitário | I12: 5
H13: Dias | I13: 26
H14: Desconto | I14: 0.06
A15: Auxílio Alimentação | G15: CCT | H15: Vr. Unitário | I15: 23.68
H16: Dias | I16: 22
H17: Desconto | I17: 0.19
A18: Auxílio Lanche | G18: CCT | H18: Vr. Unitário | I18: 11.84
H19: Dias | I19: 4
H20: Desconto | I20: 0.19
A21: Plano de Benefício Familiar (cláusula vigésima nona, parágrafo segundo) | G21: CCT | H21: Valor mensal | I21: 19.42
A22: Adicional de Supervisor (37%) | H22: Porcentagem | I22: Não aplicável
A23: Base de cálculo da insalubridade | H23: Valor | I23: 1540.51
A24: Quantitativo de horas trabalhadas em feriados no mês (estimado) - Não aplicável para postos 12x36 | H24: Horas por mês | I24: Não aplicável
H25: Acréscimo da hora extra | I25: Não aplicável
A26: Hora Intervalar (somente para postos 12x36, quando for o caso) | H26: Horas por mês | I26: Não aplicável
A27: Sem fornecimento de materiais ou apenas fornecimento de EPIs ou uniformes, utilizar 10%. Com fornecimento de materiais ou equipamentos, utilizar 20%. (Decreto 52.768/2015, alterado pelo Decreto 53.424/2017) | H27: Porcentagem | I27: 0.2
A29: MONTANTE A
A30: I | B30: Remuneração - Grupo I | H30: % | I30: Valor Mensal/unidade de serviço (R$)
A31: 1 | B31: Salário | H31: =I31/$I$40 -> 0.83333333 | I31: =IF(D6="12x36",I10,I10/H10*I5) -> 1540.51
A32: =A31+1 -> 2 | B32: Adicional Periculosidade 30% (Ver súmulas 364, 132 e 191 do TST) | H32: =I32/$I$40 -> 0 | I32: =IF(I9=30%,I31*I9,0) -> 0
A33: =A32+1 -> 3 | B33: Adicional Insalubridade 10% (Ver súmula 228 e 139 TST) | H33: =I33/$I$40 -> 0 | I33: =IF(I7=10%,I23*I7,0) -> 0
A34: =A33+1 -> 4 | B34: Adicional Insalubridade 20% (Ver súmula 228 e 139 TST) | H34: =I34/$I$40 -> 0.16666667 | I34: =IF(I7=20%,I23*I7,0) -> 308.102
A35: =A34+1 -> 5 | B35: Adicional Insalubridade 40% (Ver súmula 228 e 139 TST) | H35: =I35/$I$40 -> 0 | I35: =IF(I7=40%,I23*I7,0) -> 0
A36: =A35+1 -> 6 | B36: Adicional de Supervisor (IN 05/2017 MPOG SLTI) | H36: =I36/$I$40 -> 0 | I36: =IF(I22="Não aplicável",0,I31*I22) -> 0
A37: =A36+1 -> 7 | B37: Feriados | H37: =I37/$I$40 -> 0 | I37: =IF(I24="Não aplicável",0,(I31+I32+I33+I34+I35+I36+I39)/I5*I24*(1+I25)) -> 0
A38: =A37+1 -> 8 | B38: DSR = número total das horas extras do mês / número de dias úteis X domingos e feriados do mês X valor da hora extra com acréscimo | H38: =I38/$I$40 -> 0 | I38: =IF(I24="Não aplicável",0,I24/I13*5*(I10/H10*(1+I25))) -> 0
A39: =A38+1 -> 9 | B39: =IF(D6="12x36","Para postos 12x36 os feriados são considerados compensados, conforme parágrafo único, Art. 59-A da CLT","Outros") -> Outros | H39: =I39/$I$40 -> 0 | I39: 0
A40: Total de Remuneração | H40: =SUM(H31:H39) -> 1 | I40: =SUM(I31:I39) -> 1848.612
A42: II | B42: Encargos Sociais - Grupo II: Obrigações Sociais | H42: % | I42: Valor Mensal/unidade de serviço (R$)
A43: 1 | B43: INSS (art. 22, inc. I, Lei nº 8.212/91) | H43: 0.2 | I43: =$I$40*H43 -> 369.7224
A44: 2 | B44: SESI ou SESC (art. 30, Lei nº 8.036/90) | H44: 0.015 | I44: =$I$40*H44 -> 27.72918
A45: 3 | B45: SENAI ou SENAC (Decreto-Lei nº 2.318/86) | H45: 0.01 | I45: =$I$40*H45 -> 18.48612
A46: 4 | B46: INCRA (art. 15I, Lei Complementar nº 011/71) | H46: 0.002 | I46: =$I$40*H46 -> 3.697224
A47: 5 | B47: SALÁRIO EDUCAÇÃO (art. , inc. I, Decreto nº 87.043/82) | H47: 0.025 | I47: =$I$40*H47 -> 46.2153
A48: 6 | B48: FGTS (art. 15, Lei nº 8.036/90) | H48: 0.08 | I48: =$I$40*H48 -> 147.88896
A49: 7 | B49: SEG. ACIDENTE DO TRABALHO 1%, 2% e 3% (art. 22, inc. II, alíneas "b" e "c", da Lei nº 8.212/91) | H49: 0.03 | I49: =$I$40*H49 -> 55.45836
A50: 8 | B50: SEBRAE (§ 3º, art. 8º, Lei nº 8.029/90) | H50: 0.006 | I50: =$I$40*H50 -> 11.091672
A51: Total do Grupo II | H51: =SUM(H43:H50) -> 0.368 | I51: =SUM(I43:I50) -> 680.28922
A52: Os percentuais para o SAT podem variar de 0,50% a 6,00% em função do Fator de Acidente Previdenciário (FAP), Decreto nº 6.957/2009
A53: Deverá obrigatoriamente acompanhar a proposta de preços e a planilha de custos e formação de preços a prova do Fator Acidentário de Prevenção – FAP por meio de impressão de consulta ao site do Ministério da Previdência Social (que pode ser obtido no endereço eletrônico http://www2.dataprev.gov.br/fap/fap.htm), independentemente de alteração da alíquota da parcela do Seguro Acidente de Trabalho disposta no Quadro II da referida planilha.
A54: III | B54: Encargos Sociais - Grupo III: Tempo Não Trabalhado | H54: % | I54: Valor Mensal/unidade de serviço (R$)
A55: 1 | B55: FÉRIAS GOZADAS + ADICIONAL DE FÉRIAS | H55: 0.119314 | I55: =$I$40*H55 -> 220.56529
A56: 2 | B56: FALTAS ABONADAS (3) | H56: 0.020479 | I56: =$I$40*H56 -> 37.857725
A57: 3 | B57: FALTAS LEGAIS (4) | H57: 0.012123 | I57: =$I$40*H57 -> 22.410723
A58: 4 | B58: LICENÇA MATERNIDADE | H58: 0.011436 | I58: =$I$40*H58 -> 21.140727
A59: 5 | B59: LICENÇA PATERNIDADE | H59: 0.000174 | I59: =$I$40*H59 -> 0.32165849
A60: 6 | B60: ACIDENTE DE TRABALHO | H60: 0.000442 | I60: =$I$40*H60 -> 0.8170865
A61: 7 | B61: AVISO PRÉVIO TRABALHADO | H61: 0.000185 | I61: =$I$40*H61 -> 0.34199322
A62: 8 | B62: 13º SALÁRIO | H62: 0.09079 | I62: =$I$40*H62 -> 167.83548
A63: Total do Grupo III | H63: =SUM(H55:H62) -> 0.254943 | I63: =SUM(I55:I62) -> 471.29069
A64: (3) | B64: Faltas Justificadas por Auxílio Doença
A65: (4) | B65: Faltas Legais - Art. 473 CLT
A66: IV | B66: Encargos Sociais - Grupo IV: Indenizações | H66: % | I66: Valor Mensal/unidade de serviço (R$)
A67: 1 | B67: INDENIZAÇÕES | H67: 0.023627 | I67: =$I$40*H67 -> 43.677156
A68: 2 | B68: FGTS SOBRE INDENIZAÇÕES | H68: 0.001717 | I68: =$I$40*H68 -> 3.1740668
A69: 3 | B69: INDENIZAÇÃO COMPENSATÓRIA POR DEMISSÃO SEM JUSTA CAUSA | H69: 0.009451 | I69: =$I$40*H69 -> 17.471232
A70: Total do Grupo IV | H70: =SUM(H67:H69) -> 0.034795 | I70: =SUM(I67:I69) -> 64.322455
A72: V | B72: Encargos Sociais - Grupo V: Incidências | H72: % | I72: Valor Mensal/unidade de serviço (R$)
A73: 1 | B73: INCIDÊNCIA GRUPO II (Obrigações Sociais) X GRUPO III (Tempo Não Trabalhado) | H73: =(H51*H63) -> 0.093819024 | I73: =$I$40*H73 -> 173.43497
A74: Total do Grupo V | H74: =SUM(H73:H73) -> 0.093819024 | I74: =I73 -> 173.43497
A76: TOTAL DOS ENCAGOS SOCIAIS (II + III + IV + V) | H76: =H51+H63+H70+H74 -> 0.75155702 | I76: =I51+I63+I70+I74 -> 1389.3373
A78: VI | B78: Demais custos relativos à Norma Coletiva ou Disposições Legais - Grupo VI | H78: % | I78: Valor Mensal/unidade de serviço (R$)
A79: 1 | B79: Auxílio Alimentação | H79: =I79/$I$40 -> 0.22826726 | I79: =I96 -> 421.9776
A80: 2 | B80: Auxílio Lanche | H80: =I80/$I$40 -> 0.020751569 | I80: =I92 -> 38.3616
A81: 3 | B81: Vale-Transporte⁽⁵⁾ | H81: =I81/$I$40 -> 0.090646063 | I81: =I88 -> 167.5694
A82: 4 | B82: Adicional Intervalar | H82: =I82/$I$40 -> 0 | I82: =IF(I26="Não aplicável",0,((I10/H10)*1.5*I26)) -> 0
A83: 5 | B83: Outros | H83: =I83/$I$40 -> 0.010505179 | I83: =IF(I21="Não aplicável",0,I21) -> 19.42
A84: Total do Grupo VI | H84: =SUM(H79:H83) -> 0.35017007 | I84: =SUM(I79:I83) -> 647.3286
A85: (5) | B85: O valor do vale-transporte pode variar de acordo com o modal fornecido pelo empregador.
A86: MEMÓRIA DE CÁLCULO DO VALE TRANSPORTE
A87: Valor Unitário | C87: Dias de Trabalho | D87: Vale p/dia | E87: Custo total | F87: Base de cálculo | G87: Percentual de desconto | H87: Valor desconto | I87: Custo efetivo
A88: =I12 -> 5 | C88: =I13 -> 26 | D88: 2 | E88: =A88*C88*D88 -> 260 | F88: =I31 -> 1540.51 | G88: =I14 -> 0.06 | H88: =F88*G88 -> 92.4306 | I88: =IF((E88-H88)>0,E88-H88,0) -> 167.5694
A90: MEMÓRIA DE CÁLCULO DO VALE LANCHE
A91: Valor Unitário | C91: Dias por mês | D91: Vale p/dia | E91: Custo total | F91: Base de cálculo | G91: Percentual de desconto | H91: Valor desconto | I91: Custo efetivo
A92: =I18 -> 11.84 | C92: =I19 -> 4 | D92: 1 | E92: =A92*C92*D92 -> 47.36 | F92: =E92 -> 47.36 | G92: =I20 -> 0.19 | H92: =F92*G92 -> 8.9984 | I92: =E92-H92 -> 38.3616
A94: MEMÓRIA DE CÁLCULO DO | F94: =A15 -> Auxílio Alimentação
A95: Valor Unitário | C95: Dias por mês | D95: Vale p/dia | E95: Custo total | F95: Base de cálculo | G95: Percentual de desconto | H95: =H87 -> Valor desconto | I95: Custo efetivo
A96: =I15 -> 23.68 | C96: =I16 -> 22 | D96: 1 | E96: =A96*C96*D96 -> 520.96 | F96: =E96 -> 520.96 | G96: =I17 -> 0.19 | H96: =F96*G96 -> 98.9824 | I96: =E96-H96 -> 421.9776
A98: TOTAL DO MONTANTE A (I + II + III+ IV + V +VI) | H98: =H40+H76+H84 -> 2.1017271 | I98: =I40+I76+I84 -> 3885.2779
A100: MONTANTE B
A101: I | B101: Despesas Diretas | H101: % | I101: Valor Mensal/unidade de serviço (R$)
A102: 1 | B102: Transporte (6) | H102: =I102/$I$113 -> 0 | I102: 0
A103: 2 | B103: Uniformes/EPI (6a) | H103: =I103/$I$113 -> 0 | I103: 0
A104: 3 | B104: Seguro de vida | H104: =I104/$I$113 -> 0 | I104: 0
A105: 4 | B105: Materiais/Equipamentos | H105: =I105/$I$113 -> 0 | I105: 0
A106: 5 | B106: Mobilização (7) | H106: =I106/$I$113 -> 0 | I106: 0
A107: 6 | B107: Outros (especificar) | H107: =I107/$I$113 -> 0 | I107: 0
A108: Total de Despesas Diretas | H108: =H102+H103+H104+H105+H106+H107 -> 0 | I108: =SUM(I102:I107) -> 0
B109: (6) Somente será preenchido quando o licitante fornecer transporte próprio (6a) EPI - Equipamento de Proteção Individual (7) Tais custos de mobilização não são renováveis, devendo ser eliminados após o primeiro ano de contrato caso haja prorrogação
A111: LIMITE QUADRO I (Despesas Diretas) sobre Montante A (exceto Vale-transporte), conforme alíneas "b.2" e "b.3", Inc. II, art. 7º, do Decreto 52.768/2015, alterado pelo Decreto 53.424/2017: 10% SEM MATERIAIS/EQUIPAMENTOS; 20% COM MATERIAIS/EQUIPAMENTOS | F111: =I27 -> 0.2 | G111: =I113*F111 -> 743.54171 | H111: Dedução Vale Transporte | I111: =I81 -> 167.5694
...

Sheet Resumo
A1: Quadro Resumo Mensal
A2: LOTE | B2: Função | C2: Cidade | D2: Carga Horária | E2: Dias da semana | F2: Valor Unitário | G2: Nº de Postos | H2: Valor Total
A3: 1 | B3: Auxiliar Administrativo | C3: Bento Gonçalves | D3: 44h | E3: seg-sab | F3: ='Auxiliar Adm (Bento)'!I173 -> 4496.3984 | G3: 25 | H3: =G3*F3 -> 112409.96
B4: Auxiliar Adm. Supervisor | C4: Bento Gonçalves | D4: 44h | E4: seg-sab | F4: ='Auxiliar Adm. Supervisor(Bento)'!I173 -> 5894.1253 | G4: 6 | H4: =G4*F4 -> 35364.752
B5: Servente de Limpeza | C5: Bento Gonçalves | D5: 44h | E5: seg-sab | F5: ='Servente de Limpeza (Bento)'!I173 -> 4217.7589 | G5: 2 | H5: =G5*F5 -> 8435.5178
B6: Total Lote 1 | H6: =SUM(H3:H5) -> 156210.23
A7: 2 | B7: Auxiliar Administrativo | C7: Santa Maria | D7: 44h | E7: seg-sab | F7: ='Auxiliar Adm (SM)'!I173 -> 4488.7795 | G7: 25 | H7: =G7*F7 -> 112219.49
B8: Auxiliar Adm. Supervisor | C8: Santa Maria | D8: 44h | E8: seg-sab | F8: ='Auxiliar Adm Supervisor (SM)'!I173 -> 5901.6415 | G8: 6 | H8: =G8*F8 -> 35409.849
B9: Servente de Limpeza | C9: Santa Maria | D9: 44h | E9: seg-sab | F9: ='Servente de Limpeza (SM)'!I173 -> 4207.1228 | G9: 2 | H9: =G9*F9 -> 8414.2457
B10: Total Lote 2 | H10: =SUM(H7:H9) -> 156043.58
B11: TOTAL | G11: =SUM(G3:G10) -> 66 | H11: =SUM(H3:H5,H7,H8,H9) -> 312253.81
I103: 0
I116: 0
I117: 0
I121: 0
I132: =($D$142/$E$144)*H142 -> #DIV/0!
I133: =($D$142/$E$144)*H143 -> #DIV/0!
I134: =($D$142/$E$144)*H144 -> #DIV/0!
